General information
- name: BNet
- type: Ladder team game (AT/RT)
- host: Battle.net
- saver: NUTSONYOCHIN.de
map: Cherryville
- players: 8
- length: 20:43
- speed: Fast
- version: 1.21 W3XP
- replay type:

» download(202 KB)
Players
team 1 (winner)
bLinn (
pink | 103 APM | 2125 actions | 20:43)
4 Pandaren Brewmaster
2 Breath of Fire
2 Drunken Brawler
3 Keeper of the Grove
2 Entangling Roots
1 Thorns Aura
» actions
| Assign group hotkey | 99 | |
| Basic commands | 34 | |
| Build / train | 85 | |
| ESC pressed | 3 | |
| Enter build submenu | 29 | |
| Enter hero's abilities submenu | 8 | |
| Give item / drop item | 4 | |
| Remove unit from queue | 3 | |
| Right click | 917 | |
| Select / deselect | 468 | |
| Select group hotkey | 405 | |
| Use ability | 67 | |
2125 total
» units
» upgrades
| Strength of the Wild | 3 | |
| Ultravision | 1 | |
| Abolish Magic | 1 | |
| Reinforced Hides | 2 | |
7 total
» buildings
| Ancient of War | 2 | |
| Tree of Life | 5 | |
| Altar of Elders | 1 | |
| Moon Well | 7 | |
| Hunter's Hall | 1 | |
| Tree of Ages | 4 | |
| Ancient of Wonders | 1 | |
| Ancient of Lore | 2 | |
| Tree of Eternity | 4 | |
27 total
» build order
01:05 Ancient of War
01:08 Ancient of War
01:27 Tree of Life
01:52 Altar of Elders
02:10 Moon Well
03:34 Hunter's Hall
03:47 Tree of Ages
03:47 Tree of Ages
03:47 Tree of Ages
03:47 Tree of Ages
04:08 Moon Well
04:55 Moon Well
05:28 Ancient of Wonders
05:43 Moon Well
06:24 Ancient of Lore
06:53 Ancient of Lore
10:00 Tree of Life
10:21 Moon Well
10:22 Moon Well
14:18 Tree of Eternity
14:18 Tree of Eternity
14:19 Tree of Eternity
14:36 Moon Well
15:53 Tree of Life
16:11 Tree of Life
16:29 Tree of Life
» items
| Staff of Preservation | 1 | |
| Potion of Healing | 3 | |
| Potion of Mana | 1 | |
| Staff of Sanctuary | 1 | |
6 total
CRYTEARSOFBLOOD (
purple | 117 APM | 2419 actions | 20:43)
3 Archmage
2 Summon Water Elemental
1 Brilliance Aura
3 Pandaren Brewmaster
2 Breath of Fire
1 Drunken Haze
» actions
| Assign group hotkey | 29 | |
| Basic commands | 76 | |
| Build / train | 88 | |
| ESC pressed | 1 | |
| Enter build submenu | 54 | |
| Enter hero's abilities submenu | 7 | |
| Give item / drop item | 2 | |
| Right click | 1027 | |
| Select / deselect | 598 | |
| Select group hotkey | 416 | |
| Use ability | 121 | |
2419 total
» units
» upgrades
| Masonry | 3 | |
| Gunpowder | 3 | |
| Barrage | 1 | |
7 total
» buildings
| Altar of Kings | 1 | |
| Farm | 8 | |
| Scout Tower | 18 | |
| Lumber Mill | 1 | |
| Arcane Tower | 2 | |
| Guard Tower | 19 | |
| Keep | 3 | |
| Town Hall | 2 | |
| Castle | 1 | |
| Blacksmith | 1 | |
| Arcane Vault | 2 | |
| Workshop | 3 | |
61 total
» build order
00:06 Altar of Kings
00:09 Farm
01:18 Farm
03:47 Scout Tower
03:49 Scout Tower
04:08 Lumber Mill
04:12 Farm
04:20 Arcane Tower
04:20 Arcane Tower
04:23 Scout Tower
04:46 Farm
05:16 Guard Tower
05:16 Guard Tower
05:17 Guard Tower
05:17 Guard Tower
05:34 Farm
06:13 Keep
06:14 Keep
06:19 Town Hall
06:28 Scout Tower
06:34 Scout Tower
06:37 Scout Tower
06:53 Guard Tower
06:55 Scout Tower
06:59 Scout Tower
07:02 Guard Tower
07:09 Scout Tower
07:11 Scout Tower
07:15 Scout Tower
07:20 Scout Tower
07:26 Guard Tower
07:50 Guard Tower
07:53 Guard Tower
08:45 Guard Tower
08:49 Scout Tower
08:49 Castle
08:54 Blacksmith
09:21 Guard Tower
09:27 Scout Tower
09:27 Scout Tower
09:29 Scout Tower
09:31 Scout Tower
09:33 Scout Tower
09:39 Arcane Vault
09:59 Arcane Vault
10:01 Guard Tower
10:38 Guard Tower
11:04 Guard Tower
11:18 Workshop
11:19 Workshop
11:22 Workshop
11:39 Farm
11:41 Farm
12:30 Guard Tower
12:34 Guard Tower
12:37 Guard Tower
13:02 Farm
18:42 Town Hall
» items
| Scroll of Town Portal | 1 | |
| Ivory Tower | 3 | |
| Lesser Clarity Potion | 2 | |
| Scroll of Regeneration | 1 | |
| Orb of Fire | 1 | |
8 total
iggy_the_fisk (
blue | 104 APM | 2145 actions | 20:43)
4 Archmage
2 Summon Water Elemental
2 Brilliance Aura
3 Mountain King
2 Storm Bolt
1 Bash
» actions
| Assign group hotkey | 199 | |
| Basic commands | 45 | |
| Build / train | 113 | |
| Enter build submenu | 49 | |
| Enter hero's abilities submenu | 7 | |
| Remove unit from queue | 1 | |
| Right click | 916 | |
| Select / deselect | 399 | |
| Select group hotkey | 280 | |
| Use ability | 136 | |
2145 total
» units
| Peasant | 36 | |
| Flying Machine | 23 | |
59 total
» upgrades
| Masonry | 3 | |
| Lumber Harvesting | 1 | |
| Gunpowder | 2 | |
| Flak Cannons | 1 | |
| Flying Machine Bombs | 1 | |
8 total
» buildings
| Altar of Kings | 1 | |
| Farm | 6 | |
| Lumber Mill | 1 | |
| Scout Tower | 30 | |
| Guard Tower | 26 | |
| Keep | 1 | |
| Town Hall | 3 | |
| Castle | 1 | |
| Blacksmith | 2 | |
| Arcane Sanctum | 1 | |
| Workshop | 2 | |
| Arcane Tower | 1 | |
| Arcane Vault | 1 | |
76 total
» build order
00:05 Altar of Kings
00:14 Farm
00:49 Farm
01:14 Farm
01:54 Lumber Mill
03:23 Scout Tower
03:26 Scout Tower
03:29 Scout Tower
03:32 Scout Tower
03:51 Guard Tower
03:53 Guard Tower
03:55 Scout Tower
04:00 Guard Tower
04:00 Guard Tower
04:08 Guard Tower
04:24 Guard Tower
04:53 Scout Tower
05:08 Scout Tower
05:14 Scout Tower
05:14 Scout Tower
05:18 Scout Tower
05:19 Scout Tower
05:32 Keep
05:37 Guard Tower
06:18 Town Hall
06:32 Guard Tower
06:38 Guard Tower
06:43 Guard Tower
06:44 Scout Tower
07:00 Guard Tower
07:02 Scout Tower
07:04 Scout Tower
07:15 Guard Tower
07:18 Scout Tower
08:22 Guard Tower
08:22 Guard Tower
08:24 Guard Tower
08:46 Castle
09:19 Scout Tower
09:33 Blacksmith
09:35 Scout Tower
09:36 Scout Tower
09:47 Scout Tower
09:50 Guard Tower
09:53 Scout Tower
10:02 Guard Tower
11:31 Town Hall
11:50 Blacksmith
11:51 Guard Tower
12:01 Guard Tower
12:17 Scout Tower
12:18 Scout Tower
12:46 Guard Tower
12:48 Scout Tower
12:50 Arcane Sanctum
13:31 Workshop
13:32 Workshop
14:22 Scout Tower
14:25 Town Hall
14:45 Farm
14:46 Farm
14:54 Arcane Tower
15:13 Guard Tower
15:15 Farm
15:22 Scout Tower
15:24 Scout Tower
15:24 Scout Tower
15:44 Scout Tower
15:45 Scout Tower
15:50 Guard Tower
16:03 Arcane Vault
16:19 Guard Tower
17:41 Guard Tower
17:49 Scout Tower
» items
| Scroll of Town Portal | 3 | |
| Staff of Sanctuary | 1 | |
4 total
NUTSONYOCHIN.de (
yellow | 91 APM | 1888 actions | 20:43)
7 Pandaren Brewmaster
3 Breath of Fire
2 Drunken Brawler
1 Drunken Haze
1 Storm Earth and Fire
1 Warden
1 Fan of Knives
» actions
| Assign group hotkey | 17 | |
| Basic commands | 39 | |
| Build / train | 72 | |
| ESC pressed | 6 | |
| Enter build submenu | 18 | |
| Enter hero's abilities submenu | 8 | |
| Right click | 1050 | |
| Select / deselect | 178 | |
| Select group hotkey | 436 | |
| Use ability | 64 | |
1888 total
» units
» upgrades
» buildings
| Moon Well | 4 | |
| Tree of Life | 4 | |
| Altar of Elders | 2 | |
| Ancient of War | 2 | |
| Tree of Ages | 2 | |
| Tree of Eternity | 1 | |
| Hunter's Hall | 1 | |
| Ancient of Wonders | 1 | |
17 total
» build order
00:42 Moon Well
01:05 Tree of Life
01:29 Altar of Elders
01:57 Moon Well
03:37 Ancient of War
03:38 Ancient of War
03:51 Moon Well
05:27 Moon Well
05:49 Tree of Ages
08:31 Tree of Life
09:15 Tree of Life
13:31 Tree of Life
15:30 Tree of Ages
15:37 Altar of Elders
18:18 Tree of Eternity
18:22 Hunter's Hall
19:39 Ancient of Wonders
» items
| Scroll of Regeneration | 1 | |
| Scroll of Town Portal | 1 | |
| Boots of Speed | 2 | |
| Staff of Teleportation | 2 | |
| Orb of Venom | 1 | |
| Potion of Healing | 1 | |
8 total
team 2 (loser)
Der-Punker (
green | 82 APM | 1690 actions | 20:40)
6 Death Knight
2 Death Coil
3 Unholy Aura
1 Animate Dead
» actions
| Assign group hotkey | 15 | |
| Basic commands | 15 | |
| Build / train | 54 | |
| Enter build submenu | 22 | |
| Enter hero's abilities submenu | 6 | |
| Right click | 804 | |
| Select / deselect | 436 | |
| Select group hotkey | 258 | |
| Use ability | 80 | |
1690 total
» units
» upgrades
| Creature Attack | 3 | |
| Creature Carapace | 2 | |
| Stone Form | 1 | |
6 total
» buildings
| Crypt | 5 | |
| Ziggurat | 9 | |
| Altar of Darkness | 1 | |
| Halls of the Dead | 1 | |
| Graveyard | 2 | |
| Tomb of Relics | 1 | |
| Black Citadel | 1 | |
20 total
» build order
00:07 Crypt
00:13 Crypt
00:18 Ziggurat
00:21 Altar of Darkness
00:36 Halls of the Dead
00:40 Ziggurat
00:45 Graveyard
00:51 Graveyard
01:27 Tomb of Relics
01:57 Crypt
02:00 Ziggurat
02:01 Ziggurat
05:27 Crypt
05:42 Crypt
05:48 Black Citadel
06:40 Ziggurat
06:42 Ziggurat
07:30 Ziggurat
10:32 Ziggurat
10:35 Ziggurat
» items
| Rod of Necromancy | 1 | |
| Scroll of Town Portal | 1 | |
| Potion of Healing | 1 | |
3 total
Drunk3n.Tig3r- (
orange | 31 APM | 642 actions | 20:42)
3 Far Seer
2 Feral Spirit
1 Chain Lighting
» actions
| Assign group hotkey | 1 | |
| Build / train | 23 | |
| Enter build submenu | 14 | |
| Enter hero's abilities submenu | 3 | |
| Remove unit from queue | 1 | |
| Right click | 364 | |
| Select / deselect | 196 | |
| Use ability | 39 | |
642 total
» units
» buildings
| Altar of Storms | 2 | |
| Orc Burrow | 4 | |
| War Mill | 2 | |
| Great Hall | 1 | |
| Stronghold | 1 | |
10 total
» build order
01:09 Altar of Storms
01:37 Orc Burrow
01:45 War Mill
02:19 Orc Burrow
10:49 Great Hall
13:30 Orc Burrow
15:42 Stronghold
15:49 Altar of Storms
17:18 Orc Burrow
18:06 War Mill
» items
| Lesser Clarity Potion | 2 | |
| Healing Salve | 1 | |
| Scroll of Speed | 2 | |
5 total
lieb.codecrack (
teal | 72 APM | 1485 actions | 20:42)
5 Blademaster
2 Wind Walk
3 Critical Strike
» actions
| Assign group hotkey | 20 | |
| Basic commands | 16 | |
| Build / train | 50 | |
| Enter build submenu | 13 | |
| Enter hero's abilities submenu | 5 | |
| Remove unit from queue | 3 | |
| Right click | 899 | |
| Select / deselect | 280 | |
| Select group hotkey | 147 | |
| Use ability | 52 | |
1485 total
» units
» upgrades
| Shaman Training | 2 | |
| Armor | 1 | |
| Pulverize | 1 | |
4 total
» buildings
| Altar of Storms | 1 | |
| Orc Burrow | 5 | |
| Stronghold | 1 | |
| War Mill | 1 | |
| Voodoo Lounge | 2 | |
| Fortress | 2 | |
| Spirit Lodge | 1 | |
| Tauren Totem | 2 | |
15 total
» build order
00:51 Altar of Storms
01:18 Orc Burrow
03:49 Orc Burrow
05:53 Stronghold
07:52 Orc Burrow
07:53 War Mill
08:05 Voodoo Lounge
08:33 Fortress
08:33 Fortress
08:55 Spirit Lodge
11:07 Tauren Totem
11:10 Tauren Totem
14:08 Orc Burrow
15:10 Orc Burrow
15:12 Voodoo Lounge
» items
| Healing Salve | 1 | |
| Scroll of Town Portal | 2 | |
| Lesser Clarity Potion | 2 | |
| Scroll of Speed | 1 | |
| Orb of Lightning | 1 | |
| Tiny Great Hall | 1 | |
| Potion of Healing | 2 | |
10 total
ole.ole (
red | 64 APM | 1321 actions | 20:37)
4 Blademaster
2 Wind Walk
2 Critical Strike
» actions
| Assign group hotkey | 8 | |
| Build / train | 19 | |
| Enter build submenu | 5 | |
| Enter hero's abilities submenu | 4 | |
| Give item / drop item | 1 | |
| Right click | 603 | |
| Select / deselect | 213 | |
| Select group hotkey | 427 | |
| Use ability | 40 | |
1321 total
» units
» buildings
| Altar of Storms | 1 | |
| Orc Burrow | 1 | |
| Voodoo Lounge | 1 | |
| War Mill | 1 | |
4 total
» build order
01:09 Altar of Storms
01:19 Orc Burrow
01:41 Voodoo Lounge
02:08 War Mill
» items
| Healing Salve | 2 | |
| Lesser Clarity Potion | 2 | |
| Scroll of Speed | 1 | |
| Potion of Mana | 1 | |
| Potion of Healing | 1 | |
7 total
Chat log
(01:34 / All) NUTSONYOCHIN.de: how u doin
(17:12 / All) CRYTEARSOFBLOOD: glad all u can use is bm
(17:15 / All) CRYTEARSOFBLOOD: pro
(18:56 / All) iggy_the_fisk: gg nabis
(18:57 / All) CRYTEARSOFBLOOD: gj green
(19:51 / All) iggy_the_fisk: nope orange
(19:52 / All) iggy_the_fisk: Noob
(20:41 / All) iggy_the_fisk: nabies